 Dungeon Crawl Stone Soup version 0.32-a0-119-g2e8054a333 (webtiles) character file.

Game seed: 15882505895334181155

4757 Azdean the Cleaver (level 10, -9/90 HPs)
             Began as a Minotaur Fighter on Feb 3, 2024.
             Was an Initiate of Makhleb.
             Mangled by Gastronok (25 damage)
             ... on level 9 of the Dungeon on Feb 6, 2024.
             The game lasted 01:06:04 (9128 turns).

Azdean the Cleaver (Minotaur Fighter)               Turns: 9128, Time: 01:06:05

Health: -9/90      AC: 12    Str: 30    XL:     10   Next: 23%
Magic:  9/9        EV:  7    Int:  5    God:    Makhleb [......]
Gold:   406        SH:  0    Dex: 11    Spells: 9/9 levels left

rFire   + . .        S - +4 war axe
rCold   . . .        K - +0 tower shield
rNeg    . . .        X - +0 chain mail
rPois   .            (helmet restricted)
rElec   .            T - scarf {harm}
rCorr   .            (no gloves)
SInv    .            D - +0 pair of boots
Will    .....        C - amulet of regeneration Stlth
                     m - ring of protection from fire
HPRegen 1.15/turn    H - +6 ring of strength
MPRegen 0.11/turn

%: harm (+30% outgoing, +20% incoming)
@: confused, ambrosia-drunk, hasted and slowed
A: horns 2, retaliatory headbutt
a: Renounce Religion


You were on level 9 of the Dungeon.
You worshipped Makhleb.
Makhleb was noncommittal.
You visited 2 branches of the dungeon, and saw 10 of its levels.

You collected 406 gold pieces.

Inventory:

Hand Weapons
 f - a +1 scimitar of flaming
 n - a +2 trident of draining
 N - a +3 spear
 R - a +3 hand axe
 S - a +4 war axe (weapon)
 U - a +0 flail of protection
 Y - a +2 spear
Missiles
 s - 4 javelins (quivered)
 M - 2 throwing nets
Armour
 p - an orb of energy
 t - a +0 barding
 D - a +0 pair of boots (worn)
 K - a +0 tower shield (worn)
 T - a scarf of harm (worn)
 X - a +0 chain mail (worn)
Magical Staves
 g - a staff of alchemy
 r - a staff of air
Jewellery
 b - a ring of poison resistance
 c - an amulet of faith
 m - a ring of protection from fire (left hand)
 z - a ring of resist corrosion
 C - an amulet of regeneration (around neck)
 F - an amulet of the acrobat
 G - an amulet of reflection
 H - a +6 ring of strength (right hand)
Talismans
 Z - a flux talisman
Wands
 a - a wand of mindburst (5)
 I - a wand of light (22)
Scrolls
 e - 11 scrolls of identify {unknown}
 h - a scroll of silence {unknown}
 i - 3 scrolls of teleportation {unknown}
 j - 2 scrolls of amnesia {unknown}
 l - a scroll of butterflies {unknown}
 o - 5 scrolls of enchant weapon {unknown}
 q - 2 scrolls of poison {unknown}
 v - a scroll of immolation {unknown}
 y - a scroll of enchant armour {unknown}
 A - 2 scrolls of blinking {unknown}
 B - 3 scrolls of vulnerability {unknown}
 E - 2 scrolls of revelation {unknown}
 Q - a scroll of noise {unknown}
Potions
 d - 2 potions of might
 k - 2 potions of brilliance
 w - a potion of curing {unknown}
 x - 3 potions of degeneration
 L - a potion of attraction {unknown}
 O - a potion of haste
 P - a potion of lignification {unknown}
 W - a potion of mutation {unknown}


   Skills:
 + Level 8.9 Fighting
 * Level 11.5 Axes
 + Level 9.0 Armour
 + Level 8.9 Shields


You had 9 spell levels left.
You didn't know any spells.
Your spell library contained the following spells:

 Spells                   Type           Power      Damage    Failure   Level
 Magic Dart               Conj           0%         1d3       99%         1
 Shock                    Conj/Air       0%         1d3       99%         1
 Slow                     Hex            0%         N/A       99%         1
 Summon Small Mammal      Summ           0%         N/A       99%         1
 Blink                    Tloc           0%         N/A       100%        2
 Call Imp                 Summ           0%         N/A       100%        2
 Cigotuvi's Dreadful Rot  Necr/Alch/Air  0%         N/A       100%        2
 Mercury Vapours          Alch/Air       0%         N/A       100%        2
 Call Canine Familiar     Summ           0%         N/A       100%        3
 Confusing Touch          Hex            0%         N/A       100%        3
 Gell's Gravitas          Tloc           0%         N/A       100%        3
 Mephitic Cloud           Conj/Alch/Air  0%         N/A       100%        3
 Sigil of Binding         Hex            0%         N/A       100%        3
 Stone Arrow              Conj/Erth      0%         3d7       100%        3
 Swiftness                Air            0%         N/A       100%        3
 Teleport Other           Tloc           0%         N/A       100%        3
 Vampiric Draining        Necr           0%         2d6       100%        3
 Airstrike                Air            0%         2d(0-16)  100%        4
 Animate Armour           Summ/Erth      0%         N/A       100%        4
 Ignite Poison            Fire/Alch      0%         N/A       100%        4
 Summon Blazeheart Golem  Fire/Summ      0%         N/A       100%        4
 Freezing Cloud           Conj/Ice/Air   0%         6-21      100%        5
 Dispersal                Tloc           0%         N/A       100%        6
 Lehudib's Crystal Spear  Conj/Erth      0%         10d2      100%        8


Dungeon Overview and Level Annotations

Branches:
Dungeon (9/15)             Temple (1/1) D:4             Orc (0/2) D:9
   Lair: D:8-11

Altars:
Ashenzari
Cheibriados
Dithmenos
Elyvilon
Fedhas
Gozag
Hepliaklqana
Kikubaaqudgha
Makhleb
Nemelex Xobeh
Okawaru
Qazlal
Ru
Sif Muna
Trog
Uskayaw
Vehumet
Wu Jian
Xom
Yredelemnul
Zin
The Shining One

Annotations:
D:9 Gastronok


Innate Abilities, Weirdness & Mutations

You have a pair of horns on your head.
You reflexively headbutt those who attack you in melee.


Message History

Gastronok is lightly wounded.
Gastronok bites you but does no damage.
You slash Gastronok!
Gastronok is lightly wounded.
You hit Gastronok.
Gastronok is lightly wounded.
Gastronok looks at you while chanting.
You barely resist. You hit Gastronok.
Gastronok is lightly wounded.
You barely miss Gastronok. You headbutt Gastronok!
Gastronok is moderately wounded.
Gastronok looks at you and mumbles some strange words.
You feel yourself slow down.
You slice Gastronok!!
Gastronok is moderately wounded.
Gastronok waves his eye-stalks in wide circles.
The air twists around and strikes you!!
You completely miss Gastronok.
Gastronok is moderately wounded.
Gastronok waves his eye-stalks in wide circles.
The air twists around and strikes you!!
You feel yourself speed up.
You slash Gastronok! You headbutt Gastronok.
Gastronok is heavily wounded.
Gastronok bites you!
* * * LOW HITPOINT WARNING * * *
It was a potion of ambrosia.
You are confused.
You feel invigorated. Gastronok bites you!!
* * * LOW HITPOINT WARNING * * *
You slash Gastronok!
Gastronok is severely wounded.
You feel less invigorated.
You feel less confused.
You are confused.
You feel invigorated. Gastronok bites you!!
You die...
Gastronok gurgles, "Let's see if you taste as good as that wizard did."

########## #.........
#######......#
#............#
#............#
#.#######....#
########.# #....#
.........# #@w..#
.........# #......#
.........# #......#
.........# #.>....#
.......>.# +..=.....
.........# #.........
.........# #.........
########................
#........


You could see Gastronok.

Vanquished Creatures
  Erica (D:8)
  A two-headed ogre (D:7)
  Jeremiah (D:6)
  Prince Ribbit (D:7)
  2 steam dragons
  A water moccasin (D:5)
  An orc warrior (D:7)
  2 ice beasts
  4 sky beasts
  3 black bears
  An ogre (D:6)
  2 centaurs
  A bullfrog (D:6)
  3 scorpions
  5 wights (D:7)
  A howler monkey (D:8)
  6 hounds
  4 bombardier beetles
  3 gnoll boudas
  2 orc priests
  A jelly (D:5)
  A sleepcap (D:6)
  4 iguanas
  3 orc wizards
  15 gnolls
  11 adders
  A shadow imp (D:7)
  2 white imps (D:6)
  3 dart slugs
  A ribbon worm (D:3)
  18 orcs
  A bat (D:2)
  7 endoplasms
  4 giant cockroaches
  8 goblins
  5 hobgoblins
  7 jackals
  7 quokkas
  7 ball pythons
  5 frilled lizards
  11 kobolds
  2 rats
169 creatures vanquished.

Notes
Turn   | Place    | Note
-------+----------+-------------------------------------------
     0 | D:1      | Azdean the Minotaur Fighter began the quest for the Orb.
     0 | D:1      | Reached XP level 1. HP: 19/19 MP: 0/0
   403 | D:1      | Reached XP level 2. HP: 27/27 MP: 1/1
   601 | D:1      | Reached skill level 3 in Axes
  1122 | D:2      | Reached XP level 3. HP: 33/33 MP: 2/2
  2236 | D:3      | Reached skill level 4 in Axes
  2236 | D:3      | Reached XP level 4. HP: 35/40 MP: 3/3
  2581 | D:3      | Reached XP level 5. HP: 47/47 MP: 4/4
  2603 | D:3      | Noticed a steam dragon
  2651 | D:4      | Found a staircase to the Ecumenical Temple.
  2800 | D:4      | Killed a steam dragon
  2801 | D:4      | Reached skill level 5 in Axes
  2801 | D:4      | Reached XP level 6. HP: 40/55 MP: 5/5
  2887 | D:3      | Reached skill level 5 in Armour
  2897 | D:4      | Reached skill level 5 in Shields
  3459 | D:4      | Reached skill level 5 in Fighting
  4378 | D:4      | Upgraded the game from 0.32-a0-42-ga30500b4d3 to
                  | 0.32-a0-43-g058985b245
  4409 | D:5      | Entered Level 5 of the Dungeon
  4409 | D:5      | Noticed an ice beast
  4447 | D:5      | Killed an ice beast
  4448 | D:5      | Reached skill level 6 in Axes
  4448 | D:5      | Reached XP level 7. HP: 61/61 MP: 6/6
  4720 | Temple   | Entered the Ecumenical Temple
  5162 | D:5      | Reached skill level 7 in Axes
  5369 | D:5      | Reached XP level 8. HP: 67/70 MP: 7/7
  5621 | D:5      | Found an ornate altar of the Wu Jian Council.
  5903 | D:6      | Noticed Jeremiah
  5907 | D:6      | Reached skill level 8 in Axes
  6457 | D:6      | Killed Jeremiah
  6681 | D:6      | Reached skill level 9 in Axes
  6910 | D:6      | Reached XP level 9. HP: 79/79 MP: 8/8
  7267 | D:7      | Noticed Prince Ribbit
  7277 | D:7      | Killed Prince Ribbit
  7358 | D:7      | Reached skill level 10 in Axes
  7521 | D:7      | Noticed a two-headed ogre
  7533 | D:7      | Killed a two-headed ogre
  7583 | D:7      | Found an iron altar of Okawaru.
  7595 | D:7      | Upgraded the game from 0.32-a0-43-g058985b245 to
                  | 0.32-a0-85-g672eff3212
  7800 | D:7      | Reached skill level 11 in Axes
  8150 | D:8      | Upgraded the game from 0.32-a0-85-g672eff3212 to
                  | 0.32-a0-119-g2e8054a333
  8155 | D:8      | Noticed Erica
  8172 | D:8      | Killed Erica
  8173 | D:8      | Reached XP level 10. HP: 37/90 MP: 9/9
  8863 | D:8      | Found a shimmering altar of Xom.
  8866 | D:8      | Found a bloodstained altar of Trog.
  8867 | D:8      | Found an ancient bone altar of Kikubaaqudgha.
  8868 | D:8      | Found a broken altar of Ashenzari.
  8868 | D:8      | Found a blossoming altar of Fedhas.
  8868 | D:8      | Found a white marble altar of Elyvilon.
  8868 | D:8      | Found a hazy altar of Hepliaklqana.
  8891 | D:8      | Found a burning altar of Makhleb.
  8899 | D:8      | Found a shimmering blue altar of Sif Muna.
  8900 | D:8      | Found a hide-covered altar of Uskayaw.
  8925 | D:8      | Became a worshipper of Makhleb the Destroyer
  9109 | D:9      | Found a staircase to the Orcish Mines.
  9109 | D:9      | Noticed Gastronok
  9128 | D:9      | Mangled by Gastronok

Illustrated notes

Levels and vault maps discovered:
D:1:      erik_arrival_orb_chamber, layout_loops_ring, serial_bayou_crossing
D:2:      layout_basic
D:3:      layout_rooms
D:4:      layout_rooms, minmay_temple_entry_from_below_a, portal_sewer_entry_d,
          chequers_serial_rivers_room_b, chequers_decorated_corner
D:5:      layout_rooms, lemuel_doored_altar
D:6:      layout_basic, skrybe_limestone_x, kennysheep_small_square,
          uniq_jeremiah
D:7:      layout_basic, okawaru_trees_1, dk_noncrumbling_3, uniq_prince_ribbit1
D:8:      layout_loops_cross, minitemple, uniq_erica
D:9:      layout_irregular_city, orc_0_dummy, serial_shops,
          nicolae_shop_crystal, uniq_gastronok, uniq_joseph
Temple:   cyrus_temple_forest

Skill      XL: |  1  2  3  4  5  6  7  8  9 10 |
---------------+-------------------------------+-----
Axes           | 3 4 5 6 7 9 11 | 11.5
Armour         | 4 5 6 7 8 9 |  9.0
Fighting       | 4 5 6 7 8 |  8.9
Shields        | 4 5 6 7 8 |  8.9

Action                     |  1- 3 |  4- 6 |  7- 9 | 10-12 || total
---------------------------+-------+-------+-------+-------++-------
  Melee: War axe           |   106 |    73 |   228 |    35 ||   442
         Headbutt          |    14 |    12 |    39 |     7 ||    72
  Throw: Javelin           |     2 |    48 |    26 |     9 ||    85
    Use: Potion            |       |     1 |     9 |     3 ||    13
 Armour: Scale mail        |    65 |    79 |   167 |       ||   311
         Chain mail        |       |       |     7 |    27 ||    34
  Dodge: Dodged            |    44 |    45 |   105 |     4 ||   198
  Block: Buckler           |    22 |    17 |    13 |       ||    52
         Tower shield      |       |       |   191 |    10 ||   201

Table legend: (Time is in decaauts)
 A = Elapsed time spent in this place.
 B = Non-inter-level travel time spent in this place.
 C = Inter-level travel time spent in this place.
 D = Time resting spent in this place.
 E = Time spent auto-exploring this place.
 F = Levels seen in this place.
 G = Mean time per level.
                   A        B        C        D        E       F      G
               +--------+--------+--------+--------+--------+-----+--------+
         Total |   9307 |   9150 |    157 |   2058 |   1435 |  10 |  930.7 |
       Dungeon |   8969 |   8812 |    157 |   2058 |   1435 |   9 |  996.6 |
        Temple |    337 |    337 |      0 |      0 |      0 |   1 |  337.0 |
               +--------+--------+--------+--------+--------+-----+--------+

Top non-repeatable levels by time:
     D:4: 1626 daAuts
     D:5: 1239 daAuts
     D:1: 1221 daAuts
     D:6: 1053 daAuts
     D:2: 994 daAuts
     D:8: 986 daAuts
     D:3: 887 daAuts
     D:7: 849 daAuts
  Temple: 337 daAuts
     D:9: 112 daAuts
